 Dungeon Crawl Stone Soup version 0.19.1-28-ge1247f7 (webtiles) character file.

68 Dolanko the Shield-Bearer (level 4, -9/40 HPs)
             Began as a Minotaur Fighter on Jan 21, 2017.
             Mangled by Sigmund
             ... wielding a +0 scythe
              (10 damage)
             ... on level 2 of the Dungeon.
             The game lasted 00:02:13 (1176 turns).

Dolanko the Shield-Bearer (Minotaur Fighter)        Turns: 1176, Time: 00:02:14

Health: -9/40      AC:  7    Str: 26    XL:     4   Next: 1%
Magic:  3/3        EV:  7    Int:  5    God:
Gold:   32         SH: 10    Dex: 10    Spells: 0 memorised, 3 levels left

rFire  . . .     SeeInvis .     a - +0 long sword
rCold  . . .     Gourm    .     b - +0 scale mail
rNeg   . . .     Faith    .     c - +0 shield
rPois  .         Spirit   .     (helmet restricted)
rElec  .         Reflect  .     (no cloak)
rCorr  .         Harm     .     (no gloves)
MR     .....                    (no boots)
Stlth  ..........               (no amulet)
                                (no ring)
                                (no ring)

@: mighty
A: retaliatory headbutt, horns 2
a: no special abilities


You were on level 2 of the Dungeon.
You were not hungry.

You visited 1 branch of the dungeon, and saw 2 of its levels.

You collected 32 gold pieces.

Inventory:

Hand Weapons
 a - a +0 long sword (weapon)
Armour
 b - a +0 scale mail (worn)
 c - a +0 shield (worn)
Jewellery
 m - an uncursed amulet of guardian spirit {unknown}
Wands
 q - a wand of flame (21/48)
Scrolls
 e - a scroll of identify {unknown}
 j - a scroll of random uselessness {unknown}
 k - 3 scrolls of remove curse {unknown}
 l - 3 scrolls of magic mapping {unknown}
 n - a scroll of enchant weapon {unknown}
 o - a scroll of enchant armour {unknown}
Potions
 h - a potion of curing
Comestibles
 f - a bread ration
 g - 3 chunks of flesh
 i - 2 royal jellies
 p - a meat ration
 r - a beef jerky


   Skills:
 + Level 4.1 Fighting
 * Level 3.7 Long Blades
 + Level 4.1 Armour
 + Level 4.3 Shields


You had 3 spell levels left.
You didn't know any spells.

Dungeon Overview and Level Annotations

Branches:
Dungeon (2/15)

Altars:
Nemelex Xobeh

Annotations:
D:2 Sigmund


Innate Abilities, Weirdness & Mutations

You reflexively headbutt those who attack you in melee.
You have a pair of horns on your head.


Message History

It was a potion of curing.
You feel better. Something hits you but does no damage.
You feel very mighty all of a sudden.
The hobgoblin hits you but does no damage.
You block something's attack.
You slash the hobgoblin!
You kill the hobgoblin!
You have reached level 4!
You feel stronger. Something hits you but does no damage.
You see here a club.
You closely miss something. Something hits you!
* * * LOW HITPOINT WARNING * * *
You closely miss something. Your headbutt misses something.
You hear some strange, mumbled words.
A puff of flame appears from out of thin air!
The puff of flame hits you!
* * * LOW HITPOINT WARNING * * *
You slash something! Something hits you!
You die...

#.. ##.## #.# #{#
#...##### #.# #.#
#[......# #.# #.# #
#...###.####.#####
.######.##.# #####
#.#.........
.......g...########
#.#.##)##### #.#
........###........)..
#(#########.......##.#####
#......){@...........#
######################


There were no monsters in sight!

Vanquished Creatures
  Jessica (D:2)
  2 oozes
  3 dart slugs (D:1)
  2 leopard geckos
  2 giant cockroaches
  5 goblins
  A hobgoblin (D:2)
  3 kobolds
  2 bats
  4 frilled lizards
  3 rats
28 creatures vanquished.

Notes
Turn   | Place    | Note
-------+----------+-------------------------------------------
     0 | D:1      | Dolanko the Minotaur Fighter began the quest for the Orb.
     0 | D:1      | Reached XP level 1. HP: 19/19 MP: 0/0
   208 | D:1      | Reached XP level 2. HP: 17/27 MP: 1/1
   882 | D:2      | Reached XP level 3. HP: 33/33 MP: 2/2
   941 | D:2      | Noticed Jessica
   945 | D:2      | Killed Jessica
  1016 | D:2      | Found a sparkling altar of Nemelex Xobeh.
  1150 | D:2      | Noticed Sigmund
  1172 | D:2      | Reached XP level 4. HP: 19/40 MP: 3/3
  1175 | D:2      | HP: 1/40 [something/puff of flame (10)]
  1176 | D:2      | Mangled by Sigmund

Skill      XL: |  1  2  3 |
---------------+----------+-----
Long Blades    | 3 |  3.7
Shields        | 4 |  4.3
Fighting       | 4 |  4.1
Armour         | 4 |  4.1

Action                   |  1- 3 |  4- 6 || total
-------------------------+-------+-------++-------
Melee: Long sword        |    81 |     3 ||    84
       Headbutt          |    13 |       ||    13
  Use: Potion            |     2 |       ||     2
  Eat: Chunk             |     1 |       ||     1
Armor: Scale mail        |    33 |     1 ||    34
Dodge: Dodged            |    26 |       ||    26
Block: Shield            |    41 |       ||    41
       Rpst.: Long sword |     4 |       ||     4
